 Dungeon Crawl Stone Soup version 0.19.0-11-g3fc08b3 (webtiles) character file.

156259 Banto the Spry (level 16, -5/114 HPs)
             Began as a High Elf Skald on Nov 10, 2016.
             Was the Champion of Okawaru.
             Killed from afar by a fire dragon (25 damage)
             ... with a blast of flame
             ... on level 4 of the Swamp.
             The game lasted 01:13:46 (31278 turns).

Banto the Spry (High Elf Skald)                    Turns: 31278, Time: 01:13:47

Health: -5/114     AC: 32    Str: 18 (19) XL:     16   Next: 82%
Magic:  19/22      EV: 21    Int: 14 (15) God:    Okawaru [******]
Gold:   1864       SH:  0    Dex: 20      Spells: 4 memorised, 10 levels left

rFire  + . .     SeeInvis +     F - +3 scimitar (flame)
rCold  x . .     Gourm    .     U - +3 pearl dragon scales
rNeg   + . .     Faith    .     (no shield)
rPois  +         Spirit   .     z - +2 hat {SInv}
rElec  +         Reflect  .     l - +1 cloak of Thank Me Later {rPois rCorr}
rCorr  +         Harm     .     H - +2 pair of gloves of Byteam {rElec Regen+ Str+4 Dex-4}
MR     ++...                    u - +1 pair of boots {Fly}
Stlth  +.........               t - amulet of rage
                                D - ring of fire
                                o - ring of protection from magic

@: about to teleport, flying, repel missiles
A: iridescent scales 1, thin skeletal structure 1, deterioration 1, dopey 1,
regeneration 1, strong 2
a: Heroism, Finesse, Renounce Religion, Evoke Berserk Rage, Stop Flying
}: 1/15 runes: decaying


You were on level 4 of the Swamp.
You worshipped Okawaru.
Okawaru was exalted by your worship.
You were hungry.

You visited 5 branches of the dungeon, and saw 28 of its levels.
You also visited: Bailey and Volcano.

You collected 3068 gold pieces.
You spent 1204 gold pieces at shops.

Inventory:

Hand Weapons
 F - a +3 scimitar of flaming (weapon)
Missiles
 S - a throwing net (quivered)
Armour
 l - the +1 cloak of Thank Me Later (worn) {rPois rCorr}
   (Okawaru gifted it to you on level 15 of the Dungeon)

   It protects you from poison.
   It protects you from acid and corrosion.
 u - a +1 pair of boots of flying (worn)
 z - a +2 hat of see invisible (worn)
 H - the +2 pair of gloves of Byteam (worn) {rElec Regen+ Str+4 Dex-4}
   (You bought it in a shop on level 2 of the Orcish Mines)

   It affects your strength (+4).
   It affects your dexterity (-4).
   It insulates you from electricity.
   It increases your rate of regeneration.
 U - +3 pearl dragon scales (worn)
Jewellery
 o - a ring of protection from magic (left hand)
 t - an amulet of rage (around neck)
 y - an uncursed ring of protection from cold
 D - a ring of fire (right hand)
 I - an uncursed ring of positive energy
 Q - an uncursed ring of see invisible
Wands
 a - a wand of confusion (37/48)
 c - a wand of polymorph (8/24)
 g - a wand of digging (3/24)
Scrolls
 e - 20 scrolls of remove curse
 j - 2 scrolls of immolation
 s - 3 scrolls of identify
 B - 4 scrolls of recharging
 C - 3 scrolls of magic mapping
 G - 7 scrolls of enchant weapon
 J - 10 scrolls of teleportation
 K - 2 scrolls of fear
 M - 2 scrolls of fog
 P - 3 scrolls of blinking
 X - 2 scrolls of amnesia
Potions
 b - 2 potions of berserk rage
 i - 5 potions of brilliance
 k - 2 potions of lignification
 m - a potion of invisibility
 p - 3 potions of agility
 q - 7 potions of might
 r - 2 potions of haste
 w - 14 potions of curing
 x - a potion of cancellation
 A - 2 potions of resistance
 T - 2 potions of cure mutation
Miscellaneous
 h - a box of beasts
 v - a phial of floods
 R - a phantom mirror
Comestibles
 d - 14 bread rations
 f - 8 meat rations
 n - 10 chunks of flesh
 L - 26 fruits
 N - 4 royal jellies
 O - 8 beef jerkies


   Skills:
 - Level 12.0 Fighting
 - Level 16.0 Long Blades
 - Level 14.0 Armour
 - Level 16.0 Dodging
 - Level 2.4 Spellcasting
 - Level 4.1 Hexes
 - Level 10.0 Charms
 + Level 8.9 Air Magic
 - Level 7.0 Invocations


You had 10 spell levels left.
You knew the following spells:

 Your Spells              Type           Power        Failure   Level  Hunger
b - Song of Slaying       Chrm           ####....     1%          2    ###....
c - Shroud of Golubria    Chrm/Tloc      ###.......   14%         2    ###....
d - Spectral Weapon       Hex/Chrm       ###.....     12%         3    ###....
e - Repel Missiles        Chrm/Air       ####..       1%          2    ###....


Dungeon Overview and Level Annotations

Branches:
Dungeon (15/15)            Temple (1/1) D:4            Lair (6/6) D:8
  Swamp (4/4) Lair:2       Spider (0/4) Lair:4        Slime (0/5) Lair:5
    Orc (2/2) D:11            Elf (0/3) Orc:2        Vaults (0/5) D:14
 Depths (0/5) D:15

Altars:
Ashenzari
Cheibriados
Dithmenos
Elyvilon
Fedhas
Gozag
Hepliaklqana
Kikubaaqudgha
Makhleb
Nemelex Xobeh
Okawaru
Qazlal
Ru
Sif Muna
Trog
Uskayaw
Vehumet
Xom
Yredelemnul
Zin
The Shining One

Shops:
D:5 *   D:6 %}}*   D:9 ?*   D:10 }   D:11 (   D:15 *   Orc:1 [   Orc:2 *(=[

Portals:
Trove: D:14 (give 8 potions of haste)

Annotations:
D:14 1 runed door


Innate Abilities, Weirdness & Mutations

You are partially covered in iridescent scales. (AC +2)
You have a somewhat thin skeletal structure. (Dex +2, Stealth)
Your body sometimes deteriorates upon taking damage.
You are dopey. (Int -2)
Your natural rate of healing is unusually fast.
Your muscles are very strong. (Str +4)


Message History

You are shoved backwards!
Found a bread ration.
You take 8 damage, and have 20/114 hp.
As you read the scroll of teleportation, it crumbles to dust.
You feel strangely unstable.
The fire dragon bites your spectral weapon!
Your spectral weapon shares its damage with you!
* * * LOW HITPOINT WARNING * * *
The fire dragon claws your spectral weapon.
Your spectral weapon shares its damage with you!
Your spectral weapon fades away.
* * * LOW HITPOINT WARNING * * *
The fire dragon bites you!
* * * LOW HITPOINT WARNING * * *
The fire dragon claws you but does no damage.
The fire dragon barely misses you.
You take 15 damage, and have 5/114 hp.
You feel much better. The fire dragon breathes flames at you.
The blast of flame hits you! You resist.
You die...

≈≈≈≈....≈.≈≈≈.≈§..(..≈≈
%.≈≈.......≈≈.≈.≈≈..≈.≈.
≈.≈.≈..≈§...≈.≈...≈.≈.≈≈
.≈≈.≈≈≈...≈≈.....≈≈...§.
..≈.....≈..≈.(≈≈.?.....≈
.§..≈≈.≈≈.≈..≈≈≈....≈≈.≈
≈≈≈.≈.≈≈≈.........≈≈≈≈.(
.≈≈.....D.≈≈≈..≈.....≈..
...≈..≈@D≈≈.....≈.$..≈≈.
.......§.....≈....≈.≈.≈≈
≈.≈♣♣≈≈..........§....§§
♣≈♣♣≈♣..♣.§..≈≈..†≈≈.≈♣§
♣≈.≈.≈.≈.≈.§§≈.≈..≈..#
♣.§♣≈≈##♣≈..§≈.≈♣♣♣§♣[
♣♣.♣#..##♣♣....####♣## ≈
♣.#≈.########..###.
##..≈.#.##...≈≈[..≈


You could see 2 fire dragons.

Vanquished Creatures
  Gastronok (D:8)
  6 thorn hunters
  The ghost of Mandevil the Shatterer, a journeyman OgBe of Trog (Orc:2)
  An orc warlord (Orc:1)
  A stone giant (D:11)
  A very ugly thing (Swamp:2)
  Azrael (D:13)
  Snorg (Lair:3)
  8 vault guards
  Erolcha (Orc:2)
  A rakshasa (D:15)
  A catoblepas (D:14)
  15 hydras
  Erica (D:11)
  2 ghost crabs
  7 centaur warriors
  2 tengu warriors
  9 alligators
  The ghost of Timinator the Destroyer, a journeyman GrCj of Hepliaklqana (D:12)
  5 orc high priests
  2 skeletal warriors (Volcano)
  4 unseen horrors
  2 fire crabs (Swamp:4)
  A shambling mangrove (Swamp:3)
  4 swamp dragons
  A wizard (D:15)
  A deep elf mage (D:15)
  Pikel (D:3)
  A lindwurm (Lair:1)
  2 orc knights
  18 ugly things
  7 hill giants
  5 orc sorcerers
  4 manticores
  2 black mambas
  4 elephants (Lair:4)
  19 spiny frogs
  A torpor snail (Lair:5)
  7 gargoyles
  A centaur skeleton (D:14)
  An efreet (D:11)
  3 kobold demonologists
  13 komodo dragons
  A yaktaur (D:14)
  A harpy zombie (D:15)
  6 tyrant leeches
  A polar bear (shapeshifter) (D:14)
  9 trolls
  5 polar bears
  A troll (shapeshifter) (D:15)
  3 two-headed ogres
  A hornet (shapeshifter) (D:15)
  A two-headed ogre (shapeshifter) (D:13)
  Grinder (D:6)
  10 hornets
  4 bog bodies
  3 harpy skeletons (Volcano)
  25 slime creatures
  A dream sheep (shapeshifter) (D:11)
  6 hippogriffs
  26 blink frogs
  3 flying skulls (Volcano)
  A redback (Lair:6)
  4 shadows
  2 alligator skeletons (Volcano)
  19 spriggans
  2 fire bats (Swamp:4)
  3 wyverns
  3 hungry ghosts
  4 basilisks
  A wraith (D:10)
  Grum (D:11)
  34 yaks
  A human (D:3)
  A fire elemental (Swamp:4)
  3 steam dragons (Swamp:4)
  14 vampire mosquitoes
  6 mottled dragons
  2 soldier ants
  6 wargs
  20 swamp worms
  4 hell hounds (D:13)
  13 water moccasins
  6 porcupines
  3 black bears (Lair:6)
  41 orc warriors
  2 slaves (D:3)
  12 swamp drakes
  2 ice beasts
  6 sky beasts
  An eye of draining (D:11)
  A phantom (D:9)
  6 boggarts
  A centaur (shapeshifter) (D:15)
  8 ogres
  10 crocodiles
  17 wolves
  14 centaurs
  4 big kobolds
  20 bullfrogs
  2 wyvern zombies
  A wyvern skeleton (D:10)
  A water moccasin skeleton (D:8)
  4 scorpions
  2 spriggan skeletons (Volcano)
  3 troll skeletons (Volcano)
  5 howler monkeys
  7 wights
  5 electric eels
  5 crimson imps
  2 bullfrog zombies
  4 centaur zombies
  7 hounds
  22 orc wizards
  22 orc priests
  A quasit (D:10)
  5 jellies
  A bullfrog skeleton (D:5)
  8 iguanas
  3 worker ants
  A killer bee zombie (D:5)
  A naga skeleton (Volcano)
  A hound zombie (D:8)
  A hound skeleton (D:8)
  A worker ant zombie (D:11)
  13 gnolls
  A river rat (Lair:6)
  13 adders
  7 shadow imps
  An ooze (D:2)
  2 adder skeletons
  7 worms
  2 dart slugs (D:5)
  6 leopard geckos
  61 orcs
  A ball python (D:8)
  7 giant cockroaches
  7 hobgoblins
  17 jackals
  6 quokkas
  9 bats
  2 frilled lizards
  12 goblins
  A goblin skeleton (D:3)
  A goblin zombie (D:3)
  A jackal zombie (D:7)
  39 kobolds
  A kobold zombie (D:3)
  A leopard gecko skeleton (D:8)
  A leopard gecko zombie (D:9)
  5 rats
  3 briar patches (Swamp:4)
  A plant (Lair:6)
919 creatures vanquished.

Vanquished Creatures (others)
  A lindwurm (Swamp:4)
  A spiny frog (Swamp:3)
  3 swamp drakes (Swamp:4)
  An orc (D:4)
  A fungus (Lair:6)
  31 plants
  70 spectral weapons
108 creatures vanquished.

Grand Total: 1027 creatures vanquished

Notes
Turn   | Place    | Note
-------+----------+-------------------------------------------
     0 | D:1      | Banto the High Elf Skald began the quest for the Orb.
     0 | D:1      | Reached XP level 1. HP: 14/14 MP: 4/4
   249 | D:1      | Reached XP level 2. HP: 5/19 MP: 3/6
   838 | D:1      | Reached XP level 3. HP: 20/24 MP: 7/7
  1438 | D:1      | Learned a level 2 spell: Song of Slaying
  1441 | D:1      | Learned a level 2 spell: Shroud of Golubria
  1815 | D:2      | Reached XP level 4. HP: 27/29 MP: 1/8
  2336 | D:3      | Noticed a water moccasin
  2343 | D:3      | Killed a water moccasin
  2343 | D:3      | Reached skill level 5 in Long Blades
  2343 | D:3      | Reached XP level 5. HP: 15/34 MP: 0/9
  2521 | D:3      | Found a hide-covered altar of Uskayaw.
  2524 | D:3      | Noticed a dagger
  2525 | D:3      | Noticed a hand axe
  2634 | D:3      | Found a runed door.
  2634 | D:3      | Noticed a human
  2635 | D:3      | Found a basalt altar of Yredelemnul.
  2674 | D:3      | Killed a human
  2674 | D:3      | Reached skill level 5 in Dodging
  2674 | D:3      | Reached XP level 6. HP: 24/39 MP: 10/10
  3401 | D:4      | Reached XP level 7. HP: 35/45 MP: 11/11
  3881 | D:4      | Got an ichor-stained ring mail
  3899 | D:4      | Noticed Pikel
  4613 | D:3      | Killed Pikel
  4613 | D:3      | Reached XP level 8. HP: 38/50 MP: 9/12
  4668 | D:4      | Found a staircase to the Ecumenical Temple.
  4679 | Temple   | Entered the Ecumenical Temple
  4684 | Temple   | Became a worshipper of Warmaster Okawaru
  4911 | D:5      | Entered Level 5 of the Dungeon
  5425 | D:5      | Found Anubobaono's Assorted Antiques.
  5434 | D:5      | Bought a potion of heal wounds for 95 gold pieces
  5434 | D:5      | Bought a scroll of identify for 38 gold pieces
  5434 | D:5      | Bought a puce potion for 17 gold pieces
  5577 | D:6      | Found Unaor's General Store.
  5606 | D:6      | Found Pokloxed's Food Emporium.
  5656 | D:6      | Noticed Grinder
  5852 | D:5      | Learned a level 3 spell: Spectral Weapon
  6268 | D:5      | Reached * piety under Okawaru
  6358 | D:6      | Found Yskostri's Gadget Emporium.
  6364 | D:6      | Found Ymiodwak's Gadget Shoppe.
  6486 | D:6      | Killed Grinder
  6505 | D:6      | Reached skill level 10 in Long Blades
  6654 | D:6      | Found a hide-covered altar of Uskayaw.
  6669 | D:6      | Found a blossoming altar of Fedhas.
  6861 | D:5      | Reached XP level 9. HP: 40/54 MP: 13/13
  7340 | D:7      | Reached ** piety under Okawaru
  7946 | D:7      | Reached skill level 10 in Dodging
  9199 | D:8      | Gained mutation: You are partially covered in iridescent scales. (AC +2) [mutagenic meat]
  9200 | D:8      | Gained mutation: You are dopey. (Int -2) [mutagenic meat]
  9201 | D:8      | Gained mutation: You have a somewhat thin skeletal structure. (Dex +2, Stealth) [mutagenic meat]
  9202 | D:8      | Gained mutation: You have large cloven feet. [mutagenic meat]
  9528 | D:8      | Reached XP level 10. HP: 26/60 MP: 14/14
  9707 | D:8      | Found a white marble altar of Elyvilon.
  9738 | D:8      | Reached skill level 1 in Invocations
  9796 | D:8      | Reached *** piety under Okawaru
  9854 | D:8      | Noticed Gastronok
 10280 | D:8      | Found a snail-covered altar of Cheibriados.
 10456 | D:8      | Found a staircase to the Lair.
 11172 | D:9      | Lost mutation: You have large cloven feet. [mutagenic meat]
 11225 | D:9      | Found Tavogolusu's Magic Scroll Boutique.
 11233 | D:9      | Bought a scroll of fog for 30 gold pieces
 11233 | D:9      | Bought a scroll of identify for 30 gold pieces
 11233 | D:9      | Identified the cursed +1 ring mail "Rellimnifru" {Dex+5} (You found it on level 4 of the Dungeon)
 11235 | D:9      | Bought a scroll of identify for 30 gold pieces
 11235 | D:9      | Bought a scroll of identify for 30 gold pieces
 11235 | D:9      | Bought a scroll of identify for 30 gold pieces
 11238 | D:9      | Found an opulent altar of Gozag.
 11241 | D:9      | Found Gozag's Platinum Reserve.
 11352 | D:9      | Found a stormy altar of Qazlal.
 11408 | D:9      | Reached **** piety under Okawaru
 11598 | D:10     | Entered Level 10 of the Dungeon
 11598 | D:10     | Noticed a hill giant
 11649 | D:9      | Reached skill level 5 in Invocations
 11670 | D:9      | Reached skill level 5 in Fighting
 11680 | D:9      | Gained mutation: Your muscles are strong. (Str +2) [mutagenic meat]
 11681 | D:9      | Gained mutation: Your muscles are very strong. (Str +4) [mutagenic meat]
 11682 | D:9      | Gained mutation: Your natural rate of healing is unusually fast. [mutagenic meat]
 11873 | D:10     | Killed a hill giant
 12031 | D:10     | Found a stormy altar of Qazlal.
 12111 | D:10     | Found Isilol's Gadget Shop.
 12545 | Lair:1   | Entered Level 1 of the Lair of Beasts
 12550 | Lair:1   | Noticed a spiny frog
 12560 | Lair:1   | Killed a spiny frog
 12560 | Lair:1   | Reached ***** piety under Okawaru
 12674 | Lair:1   | Reached XP level 11. HP: 48/74 MP: 11/17
 12849 | Lair:1   | Found a dark tunnel.
 12849 | Lair:1   | Noticed a lindwurm
 12858 | Volcano  | Entered a volcano
 12933 | Volcano  | Received a gift from Okawaru
 13141 | Volcano  | Noticed a skeletal warrior
 13176 | Volcano  | Killed a skeletal warrior
 13451 | Volcano  | Noticed a skeletal warrior
 13469 | Volcano  | Killed a skeletal warrior
 13809 | Lair:1   | Killed a lindwurm
 14373 | Lair:2   | Noticed a spriggan rider
 14434 | Lair:2   | Received a gift from Okawaru
 14435 | Lair:2   | Got a spiked hat {god gift}
 14509 | Lair:2   | Identified the +0 hat of the Hundredfold Nights {Str+3 Dex+4} (Okawaru gifted it to you on level 2 of the Lair of Beasts)
 14669 | Lair:2   | Reached ****** piety under Okawaru
 14669 | Lair:2   | Reached skill level 1 in Hexes
 14683 | Lair:2   | Reached XP level 12. HP: 83/87 MP: 2/18
 14880 | Lair:2   | Found a staircase to the Swamp.
 15501 | Lair:3   | Reached skill level 10 in Fighting
 15501 | Lair:3   | Reached skill level 5 in Charms
 15578 | Lair:3   | Noticed Snorg
 15610 | Lair:3   | Killed Snorg
 16282 | Lair:4   | Found a hole to the Spider Nest.
 16531 | Lair:4   | Reached skill level 1 in Armour
 17349 | Lair:5   | Reached skill level 5 in Armour
 17810 | Lair:5   | Reached XP level 13. HP: 81/92 MP: 7/19
 17911 | Lair:5   | Found a staircase to the Slime Pits.
 18030 | Lair:5   | Received a gift from Okawaru
 18344 | Lair:6   | Entered Level 6 of the Lair of Beasts
 19383 | Lair:6   | Received a gift from Okawaru
 19555 | Lair:6   | Reached skill level 10 in Armour
 20555 | D:8      | Killed Gastronok
 20802 | D:11     | Found Qalu's Weapon Shop.
 20872 | D:11     | Noticed Erica
 21034 | D:11     | Killed Erica
 21107 | D:11     | Found a staircase to the Orcish Mines.
 21141 | D:11     | Noticed a stone giant
 21158 | D:11     | Killed a stone giant
 21201 | D:11     | Received a gift from Okawaru
 21232 | D:11     | Noticed Grum
 21242 | D:11     | Killed Grum
 21471 | D:11     | Reached XP level 14. HP: 95/99 MP: 16/20
 21699 | D:11     | Learned a level 2 spell: Repel Missiles
 21842 | Orc:1    | Entered Level 1 of the Orcish Mines
 21884 | Orc:1    | Found Iceu's Armour Shoppe.
 22091 | Orc:1    | Found a flagged portal.
 22321 | Bailey   | Entered a bailey
 22541 | Orc:2    | Entered Level 2 of the Orcish Mines
 22541 | Orc:2    | Found Wezoz's General Store.
 22629 | Orc:2    | Noticed an orc warlord
 22682 | Orc:1    | Killed an orc warlord
 22775 | Orc:2    | Noticed Mandevil's ghost (journeyman OgBe)
 23078 | Orc:1    | Reached skill level 15 in Dodging
 23234 | Orc:2    | Bought a scroll of enchant armour for 97 gold pieces
 23235 | Orc:2    | Noticed Erolcha
 23245 | Orc:2    | Killed Erolcha
 23268 | Orc:2    | Found Yshreunij's Antique Armour Boutique.
 23292 | Orc:2    | Bought a pair of heavily runed gloves for 256 gold pieces
 23292 | Orc:2    | Bought a pair of blackened gloves for 256 gold pieces
 23302 | Orc:2    | Identified the +1 pair of gloves of the Duke {+Blink rElec rC- rN+} (You bought it in a shop on level 2 of the Orcish Mines)
 23312 | Orc:2    | Identified the +2 pair of gloves of Byteam {rElec Regen+ Str+4 Dex-4} (You bought it in a shop on level 2 of the Orcish Mines)
 23334 | Orc:2    | Killed Mandevil's ghost
 23468 | Orc:2    | Found Inenwuecs's Jewellery Boutique.
 23476 | Orc:2    | Bought a cursed ring of loudness for 58 gold pieces
 23476 | Orc:2    | Bought a cursed -3 ring of intelligence for 26 gold pieces
 23476 | Orc:2    | Bought a cursed amulet of inaccuracy for 26 gold pieces
 23561 | Orc:2    | Found Birifoq's Antique Weapon Boutique.
 23561 | Orc:2    | Gained mutation: Your body sometimes deteriorates upon taking damage. [a neqoxec]
 23808 | Orc:2    | Found a staircase to the Elven Halls.
 24236 | D:12     | Noticed Timinator's ghost (journeyman GrCj)
 24251 | D:12     | Killed Timinator's ghost
 24251 | D:12     | Received a gift from Okawaru
 24425 | D:12     | Got a pitted leather armour
 24879 | D:13     | Noticed Azrael
 24935 | D:13     | Killed Azrael
 25484 | D:14     | Received a gift from Okawaru
 25542 | D:14     | Found a gate to the Vaults.
 25665 | D:13     | Reached XP level 15. HP: 100/108 MP: 17/21
 25882 | D:14     | Found a runed door.
 25897 | D:14     | Noticed a shadow dragon
 25897 | D:14     | Noticed a shadow dragon
 26142 | D:14     | Found a portal to a secret trove of treasure.
 26661 | D:15     | Entered Level 15 of the Dungeon
 26899 | D:15     | Received a gift from Okawaru
 26916 | D:15     | Got a bone great sword {god gift}
 26917 | D:15     | Identified the +8 great sword "Relue" {slice, *Rage rC+ Str+8} (Okawaru gifted it to you on level 15 of the Dungeon)
 27058 | D:15     | Got a transparent chain mail
 27255 | D:15     | Found a staircase to the Depths.
 27353 | D:15     | Found Cudopp's Assorted Antiques.
 27366 | D:15     | Bought a silver ring for 185 gold pieces
 27620 | D:15     | Received a gift from Okawaru
 27628 | D:15     | Got a warped cloak {god gift}
 27639 | D:15     | Identified the +1 cloak of Thank Me Later {rPois rCorr} (Okawaru gifted it to you on level 15 of the Dungeon)
 27929 | Swamp:1  | Entered Level 1 of the Swamp
 27929 | Swamp:1  | Noticed a thorn hunter
 27952 | Swamp:1  | Killed a thorn hunter
 28442 | Swamp:1  | Reached XP level 16. HP: 114/114 MP: 22/22
 28879 | Swamp:2  | Noticed a thorn hunter
 28925 | Swamp:2  | Killed a thorn hunter
 28965 | Swamp:2  | Noticed a thorn hunter
 28984 | Swamp:2  | Killed a thorn hunter
 28984 | Swamp:2  | Reached skill level 15 in Long Blades
 29686 | Swamp:3  | Noticed a thorn hunter
 29805 | Swamp:2  | Killed a thorn hunter
 29805 | Swamp:2  | Reached skill level 1 in Air Magic
 30140 | Swamp:3  | Got a shimmering ring mail
 30492 | Swamp:4  | Entered Level 4 of the Swamp
 30627 | Swamp:4  | Noticed a thorn hunter
 30627 | Swamp:4  | Noticed a thorn hunter
 30653 | Swamp:3  | Received a gift from Okawaru
 30770 | Swamp:3  | Killed a thorn hunter
 30770 | Swamp:3  | Reached skill level 5 in Air Magic
 30864 | Swamp:4  | Reached skill level 10 in Charms
 30933 | Swamp:4  | Killed a thorn hunter
 31175 | Swamp:4  | Got a decaying rune of Zot
 31277 | Swamp:4  | HP: 5/114 [fire dragon (8)]
 31278 | Swamp:4  | Killed from afar by a fire dragon

Skill      XL: |  1  2  3  4  5  6  7  8  9 10 11 12 13 14 15 16 |
---------------+-------------------------------------------------+-----
Long Blades    | 3 4 5 6 8 10 12 14 16 | 16.0
Dodging        | 2 3 4 5 7 9 11 13 16 | 16.0
Invocations    | 7 |  7.0
Fighting       | 6 9 10 12 | 12.0
Hexes          | 1 4 |  4.1
Charms         | 4 8 10 | 10.0
Armour         | 7 10 14 | 14.0
Air Magic      | 8 |  8.9
Spellcasting   | |  2.4

Action                   |  1- 3 |  4- 6 |  7- 9 | 10-12 | 13-15 | 16-18 || total
-------------------------+-------+-------+-------+-------+-------+-------++-------
Melee: Falchion          |   111 |       |       |       |       |       ||   111
       Short sword       |    25 |   144 |   337 |   211 |    76 |       ||   793
       Dagger            |       |     4 |    73 |    55 |       |       ||   132
       Great sword       |       |       |    40 |     3 |    68 |       ||   111
       Scimitar          |       |       |    46 |   661 |  1587 |   566 ||  2860
       Kick              |       |       |    17 |    62 |       |       ||    79
       Punch             |       |       |       |       |     1 |       ||     1
 Cast: Infusion          |    13 |     6 |    18 |    23 |     4 |       ||    64
       Shroud of Golubri |     1 |     3 |    15 |    17 |     5 |       ||    41
       Spectral Weapon   |       |       |     3 |    56 |    94 |    28 ||   181
       Song of Slaying   |       |       |     3 |     5 |       |       ||     8
       Repel Missiles    |       |       |       |       |     4 |     3 ||     7
Invok: Heroism           |       |       |       |     2 |     6 |     1 ||     9
 Abil: Stop Flying       |       |       |       |       |     1 |       ||     1
       Evoke Flight      |       |       |       |       |     1 |       ||     1
Evoke: Wand              |       |       |       |     9 |     8 |       ||    17
  Use: Scroll            |     4 |     6 |    10 |     7 |    11 |     2 ||    40
       Potion            |       |       |     1 |     2 |       |     1 ||     4
 Stab: Sleeping          |       |     2 |     6 |     3 |       |       ||    11
       Distracted        |       |     1 |       |     5 |    17 |     4 ||    27
       Confused          |       |       |       |       |     1 |     1 ||     2
  Eat: Chunk             |     3 |     6 |    26 |    38 |    50 |    13 ||   136
       Royal jelly       |       |       |       |     1 |     2 |       ||     3
       Pizza             |       |       |       |     1 |       |       ||     1
       Beef jerky        |       |       |       |     1 |       |       ||     1
Armor: Leather armour    |    41 |    31 |    10 |       |       |       ||    82
       Robe              |       |       |    57 |    37 |       |       ||    94
       Troll leather arm |       |       |       |    53 |       |       ||    53
       Pearl dragon scal |       |       |       |    90 |   640 |   383 ||  1113
Dodge: Dodged            |    94 |    91 |   361 |   665 |  1323 |   655 ||  3189
       Deflected         |       |       |       |       |     5 |     5 ||    10
       Rpst.: Falchion   |    23 |       |       |       |       |       ||    23
       Great sword       |       |       |    15 |     2 |    17 |       ||    34
       Scimitar          |       |       |    14 |   120 |   277 |   126 ||   537

Table legend:
 A = Turns spent in this place as a percentage of turns spent in the entire game.
 B = Non-inter-level travel turns spent in this place as a percentage of non-inter-level travel turns spent in the entire game.
 C = Inter-level travel turns spent in this place as a percentage of turns spent in this place.
 D = Turns resting spent in this place as a percentage of non-inter-level travel turns spent in this place.
 E = Turns spent auto-exploring this place as a percentage of non-inter-level travel turns spent in this place.
 F = Non-inter-level travel turns spent in this place divided by the number of levels of this place that you've seen.
                   A       B       C       D       E      F
               +-------+-------+-------+-------+-------+----------------------
         Total | 100.0 | 100.0 |   0.6 |   5.0 |   5.8 | 385.4
       Dungeon |  54.2 |  54.2 |   0.6 |   4.7 |   6.7 | 417.4
        Temple |   0.2 |   0.2 |   0.0 |   0.0 |   0.0 |  22.0
          Lair |  20.3 |  20.3 |   0.6 |   5.0 |   6.6 | 391.8
         Swamp |  12.2 |  12.2 |   0.3 |   6.2 |   4.2 | 352.8
  Orcish Mines |   6.0 |   6.0 |   1.4 |   5.5 |   5.2 | 346.5
        Bailey |   1.5 |   1.5 |   0.0 |   1.7 |   1.7 | 174.0
       Volcano |   5.6 |   5.6 |   0.0 |   5.7 |   0.2 | 649.0
               +-------+-------+-------+-------+-------+----------------------

Table legend:
 A = Kills in this place as a percentage of kills in entire the game.
 B = Kills by you in this place as a percentage of kills by you in the entire game.
 C = Kills by friends in this place as a percentage of kills by friends in the entire game.
 D = Other kills in this place as a percentage of other kills in the entire game.
 E = Experience gained in this place as a percentage of experience gained in the entire game.
 F = Experience gained in this place divided by the number of levels of this place that you have seen.
                   A       B       C       D       E      F
               +-------+-------+-------+-------+-------+----------------------
         Total | 100.0 | 100.0 |  -nan | 100.0 | 100.0 | 6821.9
       Dungeon |  51.0 |  51.0 |  -nan |   0.0 |  36.9 | 5028.1
          Lair |  18.9 |  18.9 |  -nan |   0.0 |  19.2 | 6533.8
         Swamp |  15.6 |  15.6 |  -nan | 100.0 |  31.3 | 16030.5
  Orcish Mines |   8.6 |   8.7 |  -nan |   0.0 |   9.3 | 9529.0
        Bailey |   3.5 |   3.5 |  -nan |   0.0 |   0.7 | 1356.0
       Volcano |   2.3 |   2.3 |  -nan |   0.0 |   2.7 | 5496.0
               +-------+-------+-------+-------+-------+----------------------
